[Event "17th Caspian Cup-Masters 2019"]
[Site "Anzali"]
[Date "2019.02.12"]
[Round "1.3"]
[White "Pilvaieh, Ali"]
[Black "Mosadeghpour, Masoud"]
[Result "0-1"]
[ECO "D00"]
[WhiteElo "2156"]
[BlackElo "2531"]
[Annotator "RC"]
[PlyCount "102"]
[EventDate "2019.02.12"]
[EventType "swiss"]
[EventRounds "9"]
[EventCountry "IRI"]
[SourceTitle "playchess.com"]
[Source "ChessBase"]
[SourceQuality "1"]
[TimeControl "5400+30"]

1. d4 d5 2. Bf4 c5 3. e3 Nc6 4. c3 Bf5 5. Nd2 cxd4 6. exd4 e6 7. Ngf3 Bd6 8. Bxd6 Qxd6 9. Nh4 Nge7 10. Nxf5 Nxf5 11. Bd3 Nfe7 12. O-O O-O 13. Re1 a6 14. a4 Rae8 15. Qh5 g6 16. Qh3 e5 17. dxe5 Nxe5 18. Rad1 N7c6 19. Nb3 Nc4 20. Bxc4 Rxe1+ 21. Rxe1 dxc4 22. Nc1 Qd2 23. Qe3 Qxb2 24. Ne2 Rd8 25. Nf4 Qd2 26. Qxd2 Rxd2 27. h4 Kf8 28. Rb1 Na5 29. Rb6 Rd1+ 30. Kh2 Ke7 31. g4 Rd6 32. Rb4 Kd7 33. h5 Kc6 34. g5 gxh5 35. Kg3 h6 36. gxh6 Rxh6 37. Kh4 b5 38. axb5+ axb5 39. Rb2 Nb3 40. Nxh5 b4 41. cxb4 Kb5 42. Kg5 Rg6+ 43. Kf4 Kxb4 44. Ke4 c3 45. Rc2 Nc5+ 46. Kf5 Kb3 47. Rc1 Nd3 48. Rb1+ Ka2 49. Rb7 c2 50. Ra7+ Kb3 51. Rb7+ Nb4 0-1

[Event "17th Caspian Cup-Masters 2019"]
[Site "Anzali"]
[Date "2019.02.12"]
[Round "1.9"]
[White "Doostkam, P."]
[Black "Gholami Orimi, Mahdi"]
[Result "1/2-1/2"]
[ECO "A13"]
[WhiteElo "2115"]
[BlackElo "2375"]
[Annotator "NA"]
[PlyCount "97"]
[EventDate "2019.02.12"]
[EventType "swiss"]
[EventRounds "9"]
[EventCountry "IRI"]
[SourceTitle "playchess.com"]
[Source "ChessBase"]
[SourceQuality "1"]
[TimeControl "5400+30"]

1. c4 e6 2. Nc3 d5 3. e3 Nf6 4. Nf3 dxc4 5. Bxc4 a6 6. a4 b6 7. O-O Bb7 8. d4 Nbd7 9. Qe2 Bd6 10. e4 e5 11. Rd1 Qe7 12. dxe5 Nxe5 13. Nxe5 Bxe5 14. Nd5 Nxd5 15. Bxd5 Bxd5 16. Rxd5 O-O 17. Be3 Bd6 18. Qd3 Rae8 19. Bxb6 Qxe4 20. Qxe4 Rxe4 21. Bc5 Rfe8 22. f3 Bxc5+ 23. Rxc5 Re2 24. Rxc7 Rxb2 25. Rac1 Ra2 26. Rc8 Kf8 27. Rxe8+ Kxe8 28. Rc4 Kd7 29. h4 a5 30. h5 Kd6 31. Rf4 Ke6 32. Re4+ Kf5 33. Rc4 Kf6 34. Rc6+ Ke7 35. Rc7+ Ke6 36. Rc4 g6 37. h6 Kf6 38. Rc6+ Kg5 39. Rc5+ Kxh6 40. Rxa5 f5 41. Ra7 g5 42. Ra6+ Kh5 43. Ra7 h6 44. Ra6 g4 45. fxg4+ fxg4 46. g3 Kg5 47. Ra5+ Kf6 48. Kh1 Ke6 49. Kg1 {[%emt 0:00:59] Ke5} 1/2-1/2

[Event "17th Caspian Cup-Masters 2019"]
[Site "Anzali"]
[Date "2019.02.13"]
[Round "2.2"]
[White "Veisi, Bardia"]
[Black "Bernadskiy, Vitaliy"]
[Result "1/2-1/2"]
[ECO "D10"]
[WhiteElo "2243"]
[BlackElo "2570"]
[Annotator "RC"]
[PlyCount "81"]
[EventDate "2019.02.12"]
[EventType "swiss"]
[EventRounds "9"]
[EventCountry "IRI"]
[SourceTitle "playchess.com"]
[Source "ChessBase"]
[SourceQuality "1"]
[TimeControl "5400+30"]

1. d4 d5 2. c4 c6 3. Nc3 Nf6 4. cxd5 cxd5 5. Bf4 a6 6. e3 Nc6 7. Nf3 Nh5 8. Bg5 h6 9. Bh4 g5 10. Nd2 Ng7 11. Bg3 Nf5 12. Bd3 Bg7 13. Nb3 h5 14. Qb1 e6 15. Bxf5 exf5 16. h4 f4 17. exf4 g4 18. O-O O-O 19. Re1 Ne7 20. Rxe7 Qxe7 21. Nxd5 Qd8 22. Ne3 Bxd4 23. Nxd4 Qxd4 24. f5 Bd7 25. Qc2 Bc6 26. Rd1 Qe4 27. Qc3 f6 28. Rd6 Qe7 29. Re6 Qf7 30. Bd6 Rac8 31. Bxf8 Rxf8 32. Qd4 Bd7 33. Rd6 Bc6 34. Nd5 Bxd5 35. Rxd5 Re8 36. Rd7 Re7 37. Rd8+ Kg7 38. Qd6 Rc7 39. Kh2 Qe7 40. Qd5 Qe5+ 41. Qxe5 1/2-1/2

[Event "17th Caspian Cup-Masters 2019"]
[Site "Anzali"]
[Date "2019.02.13"]
[Round "2.7"]
[White "Danielyan, Vahe"]
[Black "Mikaelyan, Arman"]
[Result "0-1"]
[ECO "C84"]
[WhiteElo "2186"]
[BlackElo "2465"]
[Annotator "ChessBase"]
[PlyCount "140"]
[EventDate "2019.02.12"]
[EventType "swiss"]
[EventRounds "9"]
[EventCountry "IRI"]
[SourceTitle "playchess.com"]
[Source "ChessBase"]
[SourceQuality "1"]
[TimeControl "5400+30"]

1. e4 e5 2. Nf3 Nc6 3. Bb5 a6 4. Ba4 Nf6 5. O-O Be7 6. d3 b5 7. Bb3 d6 8. a3 O-O 9. Nc3 Bg4 10. Be3 Nd4 11. Bxd4 exd4 12. Nd5 c5 13. a4 b4 14. h3 Be6 15. Re1 Nxd5 16. Bxd5 Bxd5 17. exd5 Bg5 18. Re4 Bh6 19. b3 Qf6 20. Nh2 Qf5 21. Qf3 Qxd5 22. Rae1 Bg5 23. h4 Bd8 24. g3 h6 25. Kg2 Rc8 26. Nf1 Qc6 27. Nd2 Qd7 28. R4e2 Qc6 29. Nc4 Qxf3+ 30. Kxf3 d5 31. Ne5 Rc7 32. h5 Bf6 33. Ng4 c4 34. bxc4 dxc4 35. Re4 Rd8 36. Nxf6+ gxf6 37. Rf4 cxd3 38. cxd3 b3 39. Rb1 Rc3 40. Ke4 Rb8 41. Kxd4 Rc2 42. Ke3 b2 43. Rc4 Re8+ 44. Re4 Kf8 45. f3 Re6 46. g4 Ke7 47. a5 Kd6 48. Kf4 Kc5 49. Kf5 Rxe4 50. dxe4 Kb4 51. Kxf6 Kxa5 52. Kxf7 Kb4 53. e5 Kb3 54. e6 Rf2 55. g5 Rxf3+ 56. Kg6 Re3 57. Kf5 Rf3+ 58. Ke4 Rf8 59. g6 a5 60. g7 Ra8 61. Ke5 a4 62. Rg1 a3 63. g8=Q Rxg8 64. Rxg8 a2 65. Rb8+ Kc4 66. Rc8+ Kd3 67. Rd8+ Ke3 68. e7 b1=Q 69. e8=Q Qe4+ 70. Kd6 a1=Q 0-1

[Event "17th Caspian Cup-Masters 2019"]
[Site "Anzali"]
[Date "2019.02.13"]
[Round "2.8"]
[White "Atakhan, Abtin"]
[Black "Pour Agha Bala, Amirreza"]
[Result "1/2-1/2"]
[ECO "A15"]
[WhiteElo "2179"]
[BlackElo "2362"]
[Annotator "NA"]
[PlyCount "89"]
[EventDate "2019.02.12"]
[EventType "swiss"]
[EventRounds "9"]
[EventCountry "IRI"]
[SourceTitle "playchess.com"]
[Source "ChessBase"]
[SourceQuality "1"]
[TimeControl "5400+30"]

1. c4 Nf6 2. Nf3 g6 3. b4 Bg7 4. Bb2 O-O 5. g3 d6 6. Bg2 e5 7. d3 Re8 8. Nfd2 c6 9. O-O a5 10. a3 axb4 11. axb4 Rxa1 12. Bxa1 Qb6 13. Qa4 Na6 14. Bc3 d5 15. cxd5 cxd5 16. Bxd5 Bd7 17. Qb3 Nxd5 18. Qxd5 Bh3 19. Nc4 Qc7 20. Rc1 Rd8 21. Qa5 Qc8 22. Nbd2 Qa8 23. Qb6 Rc8 24. b5 Nc7 25. Ra1 Qb8 26. e4 Ne6 27. Nf3 Rd8 28. Qe3 Nd4 29. Bxd4 exd4 30. Qe1 Be6 31. Nfd2 h5 32. f4 f5 33. e5 Qc7 34. Rc1 Qc5 35. Rb1 Bf8 36. h4 Ra8 37. Rb2 Bd7 38. Qb1 Be7 39. Kh2 Kg7 40. Kg1 Ra7 41. Nb3 Qxb5 42. Nba5 Qa4 43. Ra2 Qb4 44. Rb2 Qa4 45. Ra2 1/2-1/2

[Event "17th Caspian Cup-Masters 2019"]
[Site "Anzali"]
[Date "2019.02.13"]
[Round "2.9"]
[White "Daghli, Arash"]
[Black "Babaniya, Benyamin"]
[Result "1-0"]
[ECO "A14"]
[WhiteElo "2354"]
[BlackElo "2184"]
[Annotator "NA"]
[PlyCount "65"]
[EventDate "2019.02.12"]
[EventType "swiss"]
[EventRounds "9"]
[EventCountry "IRI"]
[SourceTitle "playchess.com"]
[Source "ChessBase"]
[SourceQuality "1"]
[TimeControl "5400+30"]

1. Nf3 Nf6 2. c4 e6 3. g3 d5 4. Bg2 Be7 5. O-O O-O 6. b3 b6 7. Bb2 Bb7 8. e3 Nbd7 9. Nc3 c5 10. Qe2 Rc8 11. Rad1 Qc7 12. Nh4 dxc4 13. bxc4 Bxg2 14. Nxg2 Rfd8 15. d3 Nb8 16. f4 Nc6 17. g4 Ne8 18. h4 Qd7 19. a3 a6 20. h5 f6 21. f5 h6 22. Nf4 Nc7 23. fxe6 Nxe6 24. Ncd5 Rb8 25. Ng6 Nc7 26. Rf5 Nxd5 27. cxd5 Na7 28. e4 Bd6 29. Rdf1 Nc8 30. g5 hxg5 31. h6 Ne7 32. h7+ Kf7 33. Rxf6+ 1-0

[Event "17th Caspian Cup-Masters 2019"]
[Site "Anzali"]
[Date "2019.02.15"]
[Round "4.6"]
[White "Asgari, Morteza"]
[Black "Mikaelyan, Arman"]
[Result "1/2-1/2"]
[ECO "C95"]
[WhiteElo "2175"]
[BlackElo "2465"]
[Annotator "ChessBase"]
[PlyCount "112"]
[EventDate "2019.02.12"]
[EventType "swiss"]
[EventRounds "9"]
[EventCountry "IRI"]
[SourceTitle "playchess.com"]
[Source "ChessBase"]
[SourceQuality "1"]
[TimeControl "5400+30"]

1. e4 e5 2. Nf3 Nc6 3. Bb5 a6 4. Ba4 Nf6 5. O-O Be7 6. Re1 b5 7. Bb3 d6 8. c3 O-O 9. h3 Nb8 10. d4 Nbd7 11. Nbd2 Bb7 12. Bc2 Re8 13. Nf1 Bf8 14. Ng3 g6 15. a4 c6 16. b3 Qc7 17. Bg5 h6 18. Be3 Rad8 19. axb5 cxb5 20. Qd2 Rc8 21. c4 Kh7 22. d5 bxc4 23. bxc4 Nb6 24. Bd3 Nxc4 25. Bxc4 Qxc4 26. Rec1 Qb5 27. Rcb1 Qd7 28. Qb4 Re7 29. Nd2 Qc7 30. Rc1 Qxc1+ 31. Rxc1 Rxc1+ 32. Kh2 Rec7 33. Bb6 Rc8 34. Be3 Ba8 35. Qa4 h5 36. Nf3 R1c2 37. Qxa6 Nd7 38. Qa4 R2c7 39. Qd1 Kg8 40. Nh4 Nf6 41. Qf3 Nh7 42. Nxh5 gxh5 43. Qxh5 Kh8 44. g4 Bb7 45. g5 Kg8 46. Nf5 Rd8 47. h4 Rc4 48. Qf3 Bc8 49. h5 Rd7 50. Kg2 Rc3 51. Qg4 Rb7 52. g6 fxg6 53. Qxg6+ Kh8 54. Nxd6 Rg7 55. Nf7+ Kg8 56. Nh6+ Kh8 1/2-1/2

[Event "17th Caspian Cup-Masters 2019"]
[Site "Anzali"]
[Date "2019.02.15"]
[Round "4.7"]
[White "Daghli, Arash"]
[Black "Tavoosi Rad, Ramtin"]
[Result "1-0"]
[ECO "A40"]
[WhiteElo "2354"]
[BlackElo "2173"]
[Annotator "NA RC"]
[PlyCount "55"]
[EventDate "2019.02.12"]
[EventType "swiss"]
[EventRounds "9"]
[EventCountry "IRI"]
[SourceTitle "playchess.com"]
[Source "ChessBase"]
[SourceQuality "1"]
[TimeControl "5400+30"]

1. d4 e6 2. c4 b6 3. Nc3 Bb7 4. e4 Bb4 5. Bd3 Ne7 6. Nge2 O-O 7. O-O f5 8. e5 Ng6 9. a3 Bxc3 10. Nxc3 d6 11. exd6 Qxd6 12. d5 e5 13. f3 a5 14. Be3 Na6 15. Qc2 Qd7 16. Rab1 e4 17. fxe4 f4 18. Bc1 f3 19. Rxf3 Rxf3 20. gxf3 Rf8 21. Qf2 Ne5 22. Be2 Rf6 23. f4 Ng4 24. Bxg4 Qxg4+ 25. Qg3 Qd7 26. f5 Nc5 27. Bg5 Rf8 28. b4 1-0

[Event "17th Caspian Cup-Masters 2019"]
[Site "Anzali"]
[Date "2019.02.15"]
[Round "4.8"]
[White "Tahbaz, Arash"]
[Black "Nadimifar, Adnan"]
[Result "1-0"]
[ECO "D20"]
[WhiteElo "2484"]
[BlackElo "2241"]
[Annotator "ChessBase"]
[PlyCount "126"]
[EventDate "2019.02.12"]
[EventType "swiss"]
[EventRounds "9"]
[EventCountry "IRI"]
[SourceTitle "playchess.com"]
[Source "ChessBase"]
[SourceQuality "1"]
[TimeControl "5400+30"]

1. d4 d5 2. c4 dxc4 3. e4 e5 4. dxe5 Qxd1+ 5. Kxd1 Nc6 6. Bxc4 Nxe5 7. Be2 Bg4 8. f3 O-O-O+ 9. Ke1 Be6 10. Be3 Nd3+ 11. Bxd3 Rxd3 12. Kf2 Rd1 13. Ke2 Rd7 14. Nc3 Ne7 15. f4 Nc6 16. Nf3 Be7 17. Rhd1 Rhd8 18. Rxd7 Rxd7 19. b3 f6 20. h3 b6 21. g4 Bf7 22. Rg1 Nb4 23. h4 Nc2 24. Bf2 c5 25. f5 Nd4+ 26. Bxd4 cxd4 27. Nb5 d3+ 28. Ke3 a5 29. Rd1 a4 30. e5 fxe5 31. Nxe5 Rd5 32. Na7+ Kb7 33. Nxf7 axb3 34. axb3 Bc5+ 35. Ke4 Rd4+ 36. Kf3 Kxa7 37. Ne5 Rd5 38. Nxd3 h5 39. g5 Rxf5+ 40. Ke4 Rf7 41. Nxc5 bxc5 42. Rd6 Kb7 43. Kd5 Rf5+ 44. Kc4 Rf4+ 45. Kxc5 Rxh4 46. Rd7+ Kc8 47. Rxg7 Rg4 48. Kc6 Kd8 49. Kd6 Ke8 50. Ke6 Kf8 51. Rb7 h4 52. Kf6 Rf4+ 53. Kg6 h3 54. Rb8+ Ke7 55. Rh8 Rf3 56. b4 Rb3 57. Kg7 Ke6 58. Kg6 Ke5 59. Rh4 Rc3 60. b5 Rb3 61. Kh6 Ke6 62. g6 Rf3 63. g7 Kd5 1-0

[Event "17th Caspian Cup-Masters 2019"]
[Site "Anzali"]
[Date "2019.02.15"]
[Round "4.9"]
[White "Mirzoev, Azer"]
[Black "Sedaghati, Mehrdad"]
[Result "1-0"]
[ECO "E21"]
[WhiteElo "2483"]
[BlackElo "2219"]
[Annotator "ChessBase"]
[PlyCount "81"]
[EventDate "2019.02.12"]
[EventType "swiss"]
[EventRounds "9"]
[EventCountry "IRI"]
[SourceTitle "playchess.com"]
[Source "ChessBase"]
[SourceQuality "1"]
[TimeControl "5400+30"]

1. d4 Nf6 2. Nf3 e6 3. c4 b6 4. Nc3 Bb7 5. Qc2 Bb4 6. a3 Bxc3+ 7. Qxc3 Ne4 8. Qc2 O-O 9. g3 f5 10. Bg2 Qc8 11. O-O Nf6 12. Rd1 Be4 13. Qc3 d6 14. b3 Nbd7 15. Bb2 Qb7 16. Rac1 Rae8 17. Bf1 Qb8 18. b4 Ba8 19. d5 e5 20. Qc2 g6 21. Bg2 Bb7 22. Ng5 Re7 23. e3 Rfe8 24. f4 Bc8 25. h3 Nh5 26. Kh2 Ng7 27. Ba1 Bb7 28. Qd2 Qa8 29. fxe5 Nxe5 30. e4 Rf8 31. Rf1 Qe8 32. exf5 Rxf5 33. Rxf5 Nxf5 34. Ne4 Qa4 35. Qc3 Rf7 36. g4 Ne7 37. Qe3 Qd7 38. Ng5 Rf6 39. Bxe5 dxe5 40. Qxe5 Rf2 41. Ne4 1-0

[Event "17th Caspian Cup-Masters 2019"]
[Site "Anzali"]
[Date "2019.02.16"]
[Round "6.3"]
[White "Tahbaz, Arash"]
[Black "Pour Agha Bala, Amirreza"]
[Result "1-0"]
[ECO "E10"]
[WhiteElo "2484"]
[BlackElo "2362"]
[Annotator "ChessBase"]
[PlyCount "93"]
[EventDate "2019.02.12"]
[EventType "swiss"]
[EventRounds "9"]
[EventCountry "IRI"]
[SourceTitle "playchess.com"]
[Source "ChessBase"]
[SourceQuality "1"]
[TimeControl "5400+30"]

1. d4 Nf6 2. c4 e6 3. Nf3 c5 4. g3 cxd4 5. Nxd4 Nc6 6. Bg2 Bc5 7. Nb3 Be7 8. Nc3 d6 9. Nd4 Nxd4 10. Qxd4 O-O 11. O-O a6 12. b3 Rb8 13. a4 Bd7 14. Ba3 Bc6 15. e4 Qd7 16. Rfd1 Rfd8 17. a5 Qc7 18. Qe3 b6 19. e5 Ng4 20. exd6 Bxd6 21. Bxd6 Rxd6 22. axb6 Qb7 23. Bxc6 Nxe3 24. Bxb7 Nxd1 25. Nxd1 Rxb6 26. Bf3 Rxb3 27. Kg2 Rb1 28. Rxa6 Rc1 29. Rc6 g6 30. Ne3 Kg7 31. Rc7 h5 32. c5 Rb5 33. c6 Rbc5 34. h4 Kg8 35. Nf1 R1c2 36. Rd7 f5 37. Nd2 R5c3 38. Nb3 e5 39. Bd1 Rxc6 40. Bxc2 Rxc2 41. Nd2 Ra2 42. Nc4 e4 43. Rd2 Rxd2 44. Nxd2 Kf7 45. Kf1 Kf6 46. Ke2 g5 47. Ke3 1-0

[Event "17th Caspian Cup-Masters 2019"]
[Site "Anzali"]
[Date "2019.02.16"]
[Round "6.7"]
[White "Daghli, Arash"]
[Black "Atakhan, Abtin"]
[Result "1-0"]
[ECO "E71"]
[WhiteElo "2354"]
[BlackElo "2179"]
[Annotator "NA"]
[PlyCount "79"]
[EventDate "2019.02.12"]
[EventType "swiss"]
[EventRounds "9"]
[EventCountry "IRI"]
[SourceTitle "playchess.com"]
[Source "ChessBase"]
[SourceQuality "1"]
[TimeControl "5400+30"]

1. d4 Nf6 2. c4 g6 3. Nc3 Bg7 4. e4 d6 5. h3 O-O 6. Be3 c5 7. Nf3 cxd4 8. Nxd4 b6 9. Qd2 Bb7 10. f3 Nbd7 11. Bh6 e5 12. Bxg7 exd4 13. Bxf6 Qxf6 14. Nb5 a6 15. Nxd4 Rac8 16. Rd1 Rfe8 17. Ne2 Ne5 18. Nc3 Qe7 19. Kf2 Red8 20. Qd4 Qc7 21. h4 h5 22. Be2 Ba8 23. Rc1 Qc5 24. Rhd1 Nc6 25. Qe3 Ne5 26. Na4 Qxe3+ 27. Kxe3 Rb8 28. Nc3 Kf8 29. Rd4 Ke7 30. Rcd1 Rbc8 31. f4 Ng4+ 32. Bxg4 hxg4 33. g3 Bc6 34. R1d2 f5 35. e5 dxe5 36. fxe5 Bf3 37. Rxd8 Rxd8 38. Rxd8 Kxd8 39. Nd5 b5 40. Nf4 1-0

[Event "17th Caspian Cup-Masters 2019"]
[Site "Anzali"]
[Date "2019.02.16"]
[Round "6.8"]
[White "Naderi, M.sadegh"]
[Black "Omidi, Arya"]
[Result "1-0"]
[ECO "A40"]
[WhiteElo "2242"]
[BlackElo "2354"]
[Annotator "NA"]
[PlyCount "113"]
[EventDate "2019.02.12"]
[EventType "swiss"]
[EventRounds "9"]
[EventCountry "IRI"]
[SourceTitle "playchess.com"]
[Source "ChessBase"]
[SourceQuality "1"]
[TimeControl "5400+30"]

1. d4 g6 2. c4 Bg7 3. e4 e6 4. Nc3 Ne7 5. Nf3 d5 6. e5 Nbc6 7. Bf4 b6 8. h4 h6 9. Be2 Bb7 10. Qd2 Qd7 11. Rd1 dxc4 12. Bxc4 Nb4 13. Qe2 Nbd5 14. Bc1 O-O-O 15. Bb5 Bc6 16. a4 a5 17. Ne4 Kb8 18. Bd2 Bxb5 19. axb5 Nc8 20. O-O Na7 21. Nc3 Bf8 22. Rc1 Be7 23. g3 Rdg8 24. Ne1 Rd8 25. Ng2 h5 26. Rfd1 Rhg8 27. Nf4 Nxc3 28. bxc3 Qxb5 29. c4 Qa6 30. Be3 Nc6 31. Qf3 Qb7 32. Ne2 Rgf8 33. Bh6 Rh8 34. Bg7 Rh7 35. Bf6 Rd7 36. d5 Nb4 37. Bxe7 Rxe7 38. Qf6 Re8 39. Nf4 Qc8 40. c5 exd5 41. cxb6 c6 42. Nxd5 Re6 43. Qf3 Kb7 44. Nf6 Rh8 45. Rd7+ Kxb6 46. Rxf7 Rd8 47. Qe3+ c5 48. f4 Rc6 49. Ne4 Rd3 50. Qf2 a4 51. Rf6 Rxf6 52. exf6 Na6 53. f7 a3 54. Rb1+ Ka7 55. Qe2 Rd8 56. Nd6 Qc6 57. Qe7+ {[%emt 0:00:30] Qc8} 1-0

[Event "17th Caspian Cup-Masters 2019"]
[Site "Anzali"]
[Date "2019.02.16"]
[Round "6.9"]
[White "Yeritsyan, Hayk"]
[Black "Aminikiasari, Amer"]
[Result "1/2-1/2"]
[ECO "A05"]
[WhiteElo "2152"]
[BlackElo "2318"]
[Annotator "NA"]
[PlyCount "28"]
[EventDate "2019.02.12"]
[EventType "swiss"]
[EventRounds "9"]
[EventCountry "IRI"]
[SourceTitle "playchess.com"]
[Source "ChessBase"]
[SourceQuality "1"]
[TimeControl "5400+30"]

1. Nf3 Nf6 2. b3 d5 3. Bb2 Bf5 4. e3 e6 5. Be2 h6 6. O-O Nbd7 7. c4 Be7 8. d3 O-O 9. Nbd2 c6 10. Qc2 a5 11. a3 Qb8 12. Rac1 Rd8 13. Rfd1 Qa7 14. Qb1 Bh7 1/2-1/2

[Event "17th Caspian Cup-Masters 2019"]
[Site "Anzali"]
[Date "2019.02.17"]
[Round "7.8"]
[White "Sedaghati, Mehrdad"]
[Black "Yeritsyan, Hayk"]
[Result "0-1"]
[ECO "B13"]
[WhiteElo "2219"]
[BlackElo "2152"]
[Annotator "NA"]
[PlyCount "96"]
[EventDate "2019.02.12"]
[EventType "swiss"]
[EventRounds "9"]
[EventCountry "IRI"]
[SourceTitle "playchess.com"]
[Source "ChessBase"]
[SourceQuality "1"]
[TimeControl "5400+30"]

1. e4 c6 2. d4 d5 3. exd5 cxd5 4. Bd3 Nc6 5. c3 Nf6 6. Bf4 Bg4 7. Qb3 Qd7 8. Nd2 e6 9. Ngf3 Bd6 10. Ne5 {[%emt 0:04:04] B13: Caro-Kann: Exchange Variation and Panov-Botvinnik Attack} (10. Bxd6 Qxd6 11. O-O O-O 12. Rfe1 Ne7 13. Ne5 Bf5 14. Bf1 Rab8 15. a4 Ne4 16. Nxe4 Bxe4 17. a5 f6 18. Nd3 Bxd3 19. Bxd3 {½-½ (45) Anand,V (2768)-Mamedyarov,S (2801) Saint Louis 2018}) 10... Qc7 11. O-O O-O 12. Rfe1 $146 ({Predecessor:} 12. Nxg4 Bxf4 13. Nxf6+ gxf6 14. Qd1 Kh8 15. g3 Rg8 16. Kh1 Bd6 17. Qh5 Rg7 {½-½ (44) Horvath,A (2409)-Gardarsson,H (2482) ICCF email 2006}) 12... Bh5 13. Bg3 Bxe5 14. Bxe5 Nxe5 15. Rxe5 Bg6 16. Bxg6 hxg6 17. Re3 b5 18. a4 a6 19. Ree1 Rab8 20. axb5 Rxb5 21. Qc2 Qb6 22. Reb1 Rc8 23. Nf3 Ne4 24. h4 a5 25. Ra3 f6 26. Raa1 Kf7 27. Qc1 Qc7 28. Nd2 Nd6 29. Qe1 Rcb8 30. Ra2 Rh8 31. g3 Nf5 32. Nf3 Qc4 33. Rba1 Qd3 34. Qf1 Qxf3 35. Qxb5 g5 36. Qf1 {[%emt 0:01:32] [#]} Nxh4 $1 37. Rxa5 Qe4 38. Ra7+ Kg6 39. gxh4 Rxh4 40. Qg2 $19 Rg4 41. Qxg4 Qxg4+ 42. Kf1 Qf3 43. R1a6 Qd1+ 44. Kg2 g4 45. Rxe6 Qf3+ 46. Kg1 g3 47. fxg3 Qxg3+ 48. Kf1 Qh3+ 0-1

[Event "17th Caspian Cup-Masters 2019"]
[Site "Anzali"]
[Date "2019.02.17"]
[Round "7.11"]
[White "Khoshkalam, Seyed Mehrab"]
[Black "Moradi, Behrooz"]
[Result "1/2-1/2"]
[ECO "A04"]
[WhiteElo "2263"]
[BlackElo "2178"]
[Annotator "NA RC"]
[PlyCount "145"]
[EventDate "2019.02.12"]
[EventType "swiss"]
[EventRounds "9"]
[EventCountry "IRI"]
[SourceTitle "playchess.com"]
[Source "ChessBase"]
[SourceQuality "1"]
[TimeControl "5400+30"]

1. Nf3 e6 2. g3 d5 3. Bg2 c5 4. O-O Nc6 5. d3 Bd6 6. Nbd2 Nge7 7. e4 O-O 8. Re1 Qc7 9. c3 Bd7 10. Nf1 {[%emt 0:04:50] A08: King's Indian Attack} (10. Qe2 f6 11. Nb3 Rad8 12. exd5 Nxd5 13. d4 b6 14. c4 Nde7 15. dxc5 bxc5 16. Be3 Na5 17. Nxa5 Qxa5 18. Rad1 Bc8 19. Nd2 Nf5 20. Nb3 Qxa2 21. Nxc5 Nxe3 22. Qxe3 Qxc4 23. Nxe6 Bxe6 {½-½ (23) Rasik,V (2452)-Svoboda,S (2453) Olomouc 2016}) 10... b5 11. h4 $146 ({Predecessor:} 11. Bd2 a5 12. Nh4 b4 13. f4 f6 14. Ne3 bxc3 15. bxc3 d4 16. Nc4 e5 17. f5 Nc8 {0-1 (72) Oliveira,F (2080)-Matsuura,F (2327) Curitiba 2016}) 11... f6 12. exd5 exd5 13. d4 c4 14. Ne3 Be8 15. b3 Bf7 16. bxc4 bxc4 17. Qa4 Qa5 ({Black should play} 17... h6 $11) 18. Qxa5 Nxa5 19. Nc2 (19. h5 $14) 19... Rab8 20. Ba3 Bxa3 21. Nxa3 Nc8 22. Rab1 Nb6 23. Rb5 Nb7 24. Nd2 Rfd8 25. Re7 Nd6 26. Ra5 Nbc8 27. Re2 Nb7 28. Ra6 Rd6 29. Ra4 a5 30. Nb5 Rd8 31. Ra3 Kf8 32. Nc7 Rd7 33. Nb5 {[%emt 0:07:08] [#]} Re7 $1 34. Re3 (34. Rxe7 $17 {is the only way for White.} Kxe7 35. Nc7) 34... Nb6 35. Nf1 Be8 36. Rxe7 Kxe7 37. Nc7 Kd6 38. Nxe8+ Rxe8 39. Ne3 g6 40. Bxd5 Nxd5 41. Nxc4+ Ke6 42. Rb3 Rc8 43. Nb2 Nd6 44. Na4 Ne4 45. Rb5 Nexc3 46. Nc5+ Kd6 47. Rxa5 Ne2+ 48. Kg2 Nxd4 49. Ne4+ Ke6 50. Nc5+ {[%emt 0:00:09] [#]} Ke7 $1 51. Ne4 Rd8 52. Nc5 Nc6 53. Ra6 Ndb4 54. Ra3 Rd5 55. Ne4 f5 56. Ng5 h6 57. Nh3 Kf6 58. Rc3 Rd3 59. Rc4 g5 60. hxg5+ hxg5 61. Ng1 Ra3 62. g4 f4 63. Nh3 f3+ 64. Kg3 Rxa2 65. Rc5 Ne5 66. Nxg5 Nbd3 67. Ne4+ Ke6 68. Rb5 Re2 69. Ng5+ Kf6 $11 70. Nxf3 Nxf3 71. Kxf3 Rxf2+ 72. Ke3 Rg2 73. Ke4 {Ke5+} 1/2-1/2

[Event "17th Caspian Cup-Masters 2019"]
[Site "Anzali"]
[Date "2019.02.17"]
[Round "7.12"]
[White "Rostami, Hossein"]
[Black "Rastbod, Ali"]
[Result "1/2-1/2"]
[ECO "B00"]
[WhiteElo "1908"]
[BlackElo "2260"]
[Annotator "NA RC"]
[PlyCount "77"]
[EventDate "2019.02.12"]
[EventType "swiss"]
[EventRounds "9"]
[EventCountry "IRI"]
[SourceTitle "playchess.com"]
[Source "ChessBase"]
[SourceQuality "1"]
[TimeControl "5400+30"]

1. e4 Nc6 2. Nf3 g6 3. d4 Bg7 4. d5 Nb8 5. c4 d6 6. Nc3 {[%emt 0:01:08] B00: Queen's Fianchetto Defence, Nimzowitsch Defence} Nf6 7. Bd3 O-O 8. h3 e5 (8... c6 9. O-O e6 10. Bg5 h6 11. Bh4 cxd5 12. cxd5 exd5 13. exd5 Qa5 14. Qd2 Nxd5 15. Nxd5 Qxd5 {½-½ (58) Akobian,V (2640)-Grigoryan,K (2571) chess.com INT 2018}) 9. Be3 Nh5 10. Qd2 $146 ({Predecessor:} 10. g4 Nf4 11. Bxf4 exf4 12. Qd2 g5 13. O-O-O h6 14. Be2 Nd7 15. Nd4 Ne5 {½-½ (43) Bistrikova,E (2189)-Gaprindashvili,N (2043) St Petersburg 2007}) 10... f5 {[%emt 0:08:45] [#]} 11. Bg5 ({Better is} 11. exf5 $1 $16 Bxf5 12. Bxf5 gxf5 13. g4) 11... Qe8 12. Bh6 fxe4 13. Bxe4 Nf4 14. Bxg7 Kxg7 15. O-O-O Qe7 16. Ne1 a6 17. Nd3 Nd7 18. Nxf4 exf4 19. Rhe1 Ne5 20. Qd4 Bd7 21. Kb1 Rab8 22. Bc2 b6 23. Re4 Qf6 24. f3 b5 25. c5 b4 (25... Bf5 $11) 26. Ne2 g5 27. cxd6 cxd6 28. Qa7 Ra8 29. Qb7 Rfb8 30. Qc7 Rc8 31. Qb7 Rab8 32. Qa7 b3 33. axb3 Qe7 34. Nd4 Kf6 35. h4 h6 36. hxg5+ hxg5 {[%emt 0:00:16] [#]} 37. g3 $2 (37. Rxe5 $1 dxe5 38. Qxa6+ Be6 39. Nxe6) 37... Ra8 (37... Be8 {keeps fighting.} 38. Qxe7+ (38. Qxa6 Ra8 $11) 38... Kxe7 39. gxf4 gxf4 40. Rxf4 Bf7) 38. Qb7 Rcb8 39. Rh1 1/2-1/2

[Event "17th Caspian Cup-Masters 2019"]
[Site "Anzali"]
[Date "2019.02.19"]
[Round "9.6"]
[White "Daghli, Arash"]
[Black "Noroozi, Omid"]
[Result "0-1"]
[ECO "B90"]
[WhiteElo "2354"]
[BlackElo "2336"]
[Annotator "NA"]
[PlyCount "66"]
[EventDate "2019.02.12"]
[EventType "swiss"]
[EventRounds "9"]
[EventCountry "IRI"]
[SourceTitle "playchess.com"]
[Source "ChessBase"]
[SourceQuality "1"]
[TimeControl "5400+30"]

1. e4 c5 2. Nf3 d6 3. d4 cxd4 4. Nxd4 Nf6 5. Nc3 a6 6. Be3 {[%emt 0:00:10] LiveBook: 19302 Games} Ng4 7. Bc1 (7. Bg5 $14) 7... Nf6 8. f3 Qb6 9. Nb3 e6 10. Qe2 Be7 {[%emt 0:00:08] B90: Sicilian Najdorf: Unusual White 6th moves, 6 Be3 Ng4 and 6 Be3 e5} (10... Qc7 11. Be3 b5 12. O-O-O Nbd7 13. Qf2 b4 14. Ne2 Bb7 15. Kb1 Rc8 16. Ned4 d5 17. exd5 Nxd5 18. Bd3 g6 {½-½ (55) Lobanov,S (2526)-Banikas,H (2601) Skopje 2018}) 11. Be3 Qc7 12. g4 b5 13. a3 Nfd7 $146 ({Predecessor:} 13... Nc6 14. g5 Nd7 15. O-O-O Rb8 16. Kb1 O-O 17. h4 b4 18. axb4 Rxb4 {0-1 (25) Anderson,B (2456)-Morozov,D (2457) ICCF email 2010}) 14. Qf2 Nc6 15. Nd4 Nde5 16. Be2 O-O 17. Nxc6 Qxc6 18. Bd4 Rb8 19. f4 Nc4 (19... Ng6 $5 20. O-O e5 21. fxe5 dxe5 $17) 20. Bxc4 (20. b3 $11 Nxa3 21. Rxa3) 20... Qxc4 21. O-O-O b4 22. axb4 Qxb4 23. Ne2 e5 24. fxe5 dxe5 25. Bxe5 $15 Bxg4 26. Rhg1 Qxe4 27. Qd4 Rb4 28. Qxe4 Rxe4 29. Bxg7 Kxg7 30. Nc3 Rc4 31. Rd3 Bc5 32. Rg2 Kh6 33. Nd5 f5 0-1